 Dungeon Crawl Stone Soup version 0.31-a0-845-g9abc20d24f (webtiles) character file.

Game seed: 11989785930095662488

34 Ethylacetat the Changeling (level 3, -4/23 HPs)
             Began as an Octopode Shapeshifter on Oct 2, 2023.
             Slain by Terence
             ... wielding a +0 mace
              (5 damage)
             ... on level 2 of the Dungeon.
             The game lasted 00:00:44 (1029 turns).

Ethylacetat the Changeling (Octopode Shapeshifter)  Turns: 1029, Time: 00:00:44

Health: -4/23      AC:  1    Str: 13    XL:     3   Next: 31%
Magic:  3/3        EV: 13    Int: 12    God:
Gold:   66         SH:  0    Dex: 13    Spells: 2/2 levels left

rFire   . .          .
                       - Unarmed
rCold   . . .        (no shield)
rNeg    . . .        (helmet currently unavailable)
rPois   .            (no amulet)
rElec   .            (no ring)
rCorr   .            (no ring)
SInv    .            (no ring)
Will    .....        (no ring)
Stlth   ++           (no ring)
HPRegen 0.23/turn    (no ring)
MPRegen 0.08/turn    (no ring)
                     (no ring)

%: no passive effects
@: beast-form
A: beast (slay +1), almost no armour, amphibious, 8 rings, camouflage 1,
gelatinous body 1, (nimble swimmer 1), tentacles
a: Begin Untransformation


You were on level 2 of the Dungeon.
You were a hulking beast.
You visited 1 branch of the dungeon, and saw 2 of its levels.

You collected 66 gold pieces.

Inventory:

Talismans
 b - a beast talisman (active)
 c - a flux talisman
Scrolls
 g - a scroll of vulnerability {unknown}
 h - a scroll of identify {unknown}
Potions
 a - a potion of lignification
 d - 2 potions of curing {unknown}
 e - 3 potions of heal wounds {unknown}
 f - 2 potions of mutation {unknown}


   Skills:
 + Level 1.5 Fighting
 + Level 2.3 Dodging
 + Level 3.3 Unarmed Combat
 * Level 3.4 Shapeshifting


You had 2 spell levels left.
You didn't know any spells.
Your spell library contained the following spells:

 Spells                   Type           Power      Damage    Failure   Level
 Tukima's Dance           Hex            0%         N/A       69%         3
 Passage of Golubria      Tloc           0%         N/A       97%         4
 Yara's Violent Unravell  Hex/Tmut       0%         3d3       100%        5


Dungeon Overview and Level Annotations

Branches:
Dungeon (2/15)

Altars:

Annotations:
D:2 Terence


Innate Abilities, Weirdness & Mutations

You are a hulking beast.
Your limbs bulge with bestial killing power. (Slay +1)
You cannot wear most types of armour.
You are amphibious.
You can wear up to eight rings at the same time.
Your skin changes colour to match your surroundings (Stealth+).
Your rubbery body absorbs attacks. (AC +1, EV +1)
((You are camouflaged when in or above water. (Stealth+)))
You have tentacles for arms and can constrict up to eight enemies at once.


Message History

A goblin comes into view. It is wielding a +0 club.
A goblin is nearby!
A goblin is nearby!
The goblin hits you with a +0 club.
You tentacle-slap the goblin but do no damage.
You grab the goblin. You constrict the goblin. The goblin closely misses you.
You barely miss the goblin.
The goblin is heavily wounded.
You constrict the goblin.
You kill the goblin!
Things that are here:
a +0 club; a +0 sling; a goblin corpse You now have 66 gold pieces (gained 16).
A hobgoblin comes into view.
Terence the Incautious comes into view.
He is wielding a +0 mace.
There are monsters nearby!
A worm comes into view.
There are monsters nearby!
The hobgoblin barely misses you.
You barely miss the hobgoblin. Your grab misses the hobgoblin.
You squeeze the hobgoblin.
The hobgoblin is almost dead.
The hobgoblin hits you.
You tentacle-slap the hobgoblin.
You kill the hobgoblin!
Terence hits you with a +0 mace!
You tentacle-slap Terence. You grab Terence. You squeeze Terence!
Terence is heavily wounded.
You constrict Terence. Terence hits you with a +0 mace.
You are too injured to fight recklessly!
You are too injured to fight recklessly!
You tentacle-slap Terence but do no damage.
Terence is severely wounded.
You constrict Terence. Terence hits you with a +0 mace.
* * * LOW HITPOINT WARNING * * *
You tentacle-slap Terence but do no damage.
You squeeze Terence.
Terence is almost dead.
You constrict Terence. Terence hits you with a +0 mace.
You die...

.........# .....
###.####.#
....... # #.#
#.####...# .##.#
#........# ....#
##.#.#w..# .####
#..#.##.## .##
#.##.##.# ..
#.##.##.#########
#. ##
#.##.....h@......
# .#
#)#####.$.....###
###.# #.#
######...# #...#
#.# #.#
#..#####.# #
.....†...#
...####### >..#
.###


You could see Terence.

Vanquished Creatures
  An adder (D:2)
  A dart slug (D:1)
  3 giant cockroaches (D:1)
  3 hobgoblins
  2 jackals (D:1)
  2 quokkas (D:1)
  2 bats
  A frilled lizard (D:1)
  2 goblins
  3 kobolds
  A rat (D:1)
21 creatures vanquished.

Notes
Turn   | Place    | Note
-------+----------+-------------------------------------------
     0 | D:1      | Ethylacetat the Octopode Shapeshifter began the quest for
                  | the Orb.
     0 | D:1      | Reached XP level 1. HP: 13/13 MP: 1/1
   194 | D:1      | Reached XP level 2. HP: 18/18 MP: 2/2
   898 | D:2      | Reached XP level 3. HP: 23/23 MP: 3/3
  1021 | D:2      | Noticed Terence
  1028 | D:2      | HP: 1/23 [Terence/+0 mace (6)]
  1029 | D:2      | Slain by Terence

Illustrated notes

Levels and vault maps discovered:
D:1:      ldierk_walled_garden_2, layout_loops_corners
D:2:      layout_loops_ring, uniq_jessica, uniq_terence

Action                     || total
---------------------------++-------
  Melee: Unarmed           ||    39
         Constrict         ||    12
         Tentacles         ||    12
   Stab: Sleeping          ||     7
 Armour: Skin              ||    14
  Dodge: Dodged            ||    22

Table legend: (Time is in decaauts)
 A = Elapsed time spent in this place.
 B = Non-inter-level travel time spent in this place.
 C = Inter-level travel time spent in this place.
 D = Time resting spent in this place.
 E = Time spent auto-exploring this place.
 F = Levels seen in this place.
 G = Mean time per level.
                   A        B        C        D        E       F      G
               +--------+--------+--------+--------+--------+-----+--------+
         Total |   1026 |   1004 |     22 |      0 |    869 |   2 |  513.0 |
       Dungeon |   1026 |   1004 |     22 |      0 |    869 |   2 |  513.0 |
               +--------+--------+--------+--------+--------+-----+--------+

Top non-repeatable levels by time:
     D:1: 891 daAuts
     D:2: 135 daAuts
